Map: Central Protocol

Players

lesha

  • Race: Terran Terran
  • League: Silver

blutz - Winner!

  • Race: Protoss Protoss
  • League: Silver

VOD

Have the link to the VOD?

Description

Time

  • Played on: Dec. 17, 2015, 8:30 a.m.
  • Length: 6:23
Show
View Real Time Build Order
Export as new Build Order

lesha Terran 

Build Orders:  

Get SALT Encoding   

  12  0:01  SCV  
  13  0:13  SCV  
  14  0:21  Supply Depot  
  14  0:25  SCV  
  15  0:43  SCV  
  15  0:45  Barracks  
  15  0:49  Refinery  
  16  0:55  SCV  
  17  1:07  SCV  
  18  1:19  SCV  
  19  1:31  SCV  
  20  1:32  Reaper  
  20  1:37  Command Center  
  21  1:44  Supply Depot  
  21  1:46  SCV  
  22  2:00  Orbital Command  
  22  2:08  Marine  
  23  2:13  Refinery  
  23  2:21  Barracks  
  23  2:30  SCV  
  23  2:43  SCV  
  24  2:49  Factory  
  24  2:55  Orbital Command  
  24  3:02  Bunker  
  24  3:07  Barracks Reactor  
  24  3:11  SCV  
  25  3:20  SCV  
  25  3:23  SCV, Marine  
  28  3:32  SCV  
  29  3:35  Factory Tech Lab, Starport  
  29  3:40  SCV  
  30  3:45  SCV  
  30  3:47  Marine x2  
  33  3:49  Supply Depot  
  33  3:51  Supply Depot  
  33  3:52  SCV  
  34  3:57  Barracks Tech Lab  
  34  3:58  Siege Tank  
  34  4:02  SCV  
  38  4:05  SCV  
  39  4:14  SCV  
  39  4:17  SCV  
  41  4:26  SCV  
  41  4:29  SCV, Marine x2  
  41  4:30  Marauder  
  47  4:33  Siege Tank  
  47  4:35  Medivac  
  47  4:38  SCV  
  53  4:41  SCV  
  54  4:46  Marine  
  54  4:47  Marine  
  54  4:50  SCV  
  54  4:51  Marauder  
  59  4:53  Bunker  
  59  4:59  SCV  
  60  5:02  SCV  
  60  5:04  Marine  
  62  5:13  Supply Depot  
  62  5:14  Starport Reactor  
  62  5:15  Supply Depot  
  62  5:17  Supply Depot  
  62  5:32  Refinery  
  62  5:33  Refinery  
  62  5:35  SCV, Marauder, Marine  
  66  5:37  Engineering Bay x2  
  66  5:51  Barracks x2  
  66  5:53  Barracks  
  66  5:54  Supply Depot  
  66  5:55  Supply Depot  
  64  6:00  Command Center  
  55  6:18  Supply Depot  
Show
View Real Time Build Order
Export as new Build Order

blutz Protoss - Winner!

Build Orders:  

Get SALT Encoding   

  12  0:01  Probe (Chrono Boost)  
  13  0:12  Probe (Chrono Boost)  
  14  0:18  Pylon  
  14  0:24  Probe (Chrono Boost)  
  15  0:38  Gateway  
  15  0:41  Probe (Chrono Boost)  
  16  0:51  Probe (Chrono Boost)  
  17  1:05  Probe (Chrono Boost)  
  17  1:09  Assimilator  
  18  1:16  Probe (Chrono Boost)  
  19  1:28  Cybernetics Core  
  19  1:32  Probe (Chrono Boost), Pylon  
  20  1:41  Zealot  
  20  1:42  Probe (Chrono Boost)  
  23  1:53  Probe (Chrono Boost)  
  24  2:04  Pylon  
  24  2:06  Warp Gate (Chrono Boost)  
  24  2:13  Probe, Assimilator  
  25  2:25  Probe  
  25  2:29  Stalker  
  27  2:41  Probe  
  28  2:51  Pylon  
  28  2:54  Probe  
  29  3:01  Gateway  
  29  3:06  Probe  
  30  3:18  Probe, Twilight Council  
  31  3:30  Probe  
  32  3:42  Probe  
  33  3:54  Probe  
  34  3:56  Charge (Chrono Boost)  
  34  3:57  Gateway  
  34  3:58  Gateway  
  34  4:04  Pylon  
  34  4:06  Probe  
  34  4:09  Pylon  
  35  4:11  Pylon  
  35  4:18  Probe  
  36  4:38  Zealot x2  
  40  4:39  Forge  
  40  4:54  Zealot x2  
  44  5:02  Pylon  
  44  5:03  Zealot  
  44  5:04  Zealot  
  48  5:18  Photon Cannon  
  48  5:24  Zealot  
  48  5:25  Zealot x2  
  54  5:32  Zealot  
  56  5:51  Photon Cannon  
  50  6:23  Zealot x4  
Tags
 
Add a new tag
Caveats
  • Supply blocks, unpowered buildings, or Contaminate may cause inaccurate times.
  • Supply counts are checked every 10 seconds.